 Dungeon Sprint DCSS version 0.28-a0-1429-gf3d713df7a (webtiles) character file.

Game seed: 7424903572644342790

424 shadowrider38 the Cleaver (level 6, -2/66 HPs)
             Began as a Minotaur Berserker on Jan 9, 2022.
             Was a Believer of Trog.
             Slain by a slime creature (15 damage)
             ... in the Dungeon (Sprint I: "Red Sonja").
             The game lasted 00:01:08 (757 turns).

shadowrider38 the Cleaver (Minotaur Berserker)       Turns: 757, Time: 00:01:09

Health: -2/66      AC:  2    Str: 24    XL:     6   Next: 64%
Magic:  5/5        EV: 14    Int:  4    God:    Trog [**....]
Gold:   297        SH:  0    Dex:  9    Spells: 5/5 levels left

rFire   . . .      SeeInvis .   a - +0 hand axe
rCold   . . .      Faith    .   (no shield)
rNeg    . . .      Spirit   .   b - +0 animal skin
rPois   .          Reflect  .   (helmet restricted)
rElec   .          Harm     .   (no cloak)
rCorr   .          Rampage  .   (no gloves)
Will    .....      NoTele   +   (no boots)
Stlth   +.........              (no amulet)
HPRegen 0.21/turn               (no ring)
MPRegen 0.09/turn               (no ring)

@: no status effects
A: horns 2, retaliatory headbutt
a: Renounce Religion, Berserk, Trog's Hand


You were in the Dungeon.
You worshipped Trog.
Trog was pleased with you.
You visited 1 branch You collected 297 gold pieces.

Inventory:

Hand Weapons
 a - a +0 hand axe (weapon)
Armour
 b - a +0 animal skin (worn)
Wands
 i - a wand of flame (15)
Scrolls
 h - a scroll of blinking
 j - a scroll of identify {unknown}
Potions
 c - 2 potions of curing
 d - a potion of heal wounds
 e - a potion of haste
 f - 2 potions of magic
 g - a potion of berserk rage


   Skills:
 + Level 9.7 Fighting
 + Level 9.8 Axes
 + Level 8.5 Armour
 + Level 7.8 Dodging


You had 5 spell levels left.
You didn't know any spells.
Your spell library was empty.

Dungeon Overview and Level Annotations

Branches:
Dungeon (1/1)

Altars:
Cheibriados
Dithmenos
Elyvilon
Fedhas
Gozag
Hepliaklqana
Kikubaaqudgha
Makhleb
Nemelex Xobeh
Okawaru
Qazlal
Ru
Sif Muna
Trog
Uskayaw
Vehumet
Wu Jian
Xom
Yredelemnul
Zin
The Shining One
Jiyva
Lugonu

Shops:
D [


Innate Abilities, Weirdness & Mutations

You have a pair of horns on your head.
You reflexively headbutt those who attack you in melee.


Message History

The slime creature barely misses you.
You barely miss the slime creature.
The slime creature is lightly wounded.
You slash the slime creature!
The slime creature is lightly wounded.
The slime creature hits you but does no damage.
You hit the slime creature.
The slime creature is lightly wounded.
The slime creature hits you!
You hit the slime creature but do no damage.
You headbutt the slime creature!
The slime creature is moderately wounded.
The slime creature hits you!
You slash the slime creature!
The slime creature is heavily wounded.
The slime creature closely misses you. You furiously retaliate!
You headbutt the slime creature.
You hit the slime creature but do no damage.
You headbutt the slime creature.
The slime creature is heavily wounded.
You hit the slime creature.
The slime creature is severely wounded.
The slime creature hits you!!
* * * LOW HITPOINT WARNING * * *
You slash the slime creature!
The slime creature is almost dead.
The slime creature barely misses you.
You hit the slime creature.
The slime creature is almost dead.
The slime creature misses you.
You hit the slime creature.
Your headbutt misses the slime creature.
The slime creature is almost dead.
The slime creature closely misses you. You furiously retaliate!
You headbutt the slime creature. You barely miss the slime creature.
Your headbutt misses the slime creature.
The slime creature is almost dead.
The slime creature hits you!
You die...

################ ##
#<.#.))..#..'..#__#
#..'..#..').#.@J..+
#..#####'#####'#__#
#..####..#...#.# ##
#..#__####..##)#
#..#_____##'#_.+
#⌠⌠#_.∩..÷'..._#
####_..__##_.#+#
#_____###+# #######


You could see a slime creature.

Vanquished Creatures
  Sigmund (D)
  A yak (D)
  An ogre (D)
  A jelly (D)
  Ijyb (D)
5 creatures vanquished.

Notes
Turn   | Place    | Note
-------+----------+-------------------------------------------
     0 | D        | shadowrider38 the Minotaur Berserker began the quest for
                  | the Orb.
     0 | D        | Reached XP level 1. HP: 19/19 MP: 0/0
     3 | D        | Noticed Ijyb
     9 | D        | Killed Ijyb
    10 | D        | Reached skill level 5 in Fighting
    10 | D        | Reached skill level 5 in Axes
    10 | D        | Reached XP level 2. HP: 18/30 MP: 1/1
   114 | D        | Noticed an ogre
   117 | D        | Killed an ogre
   118 | D        | Reached skill level 5 in Armour
   118 | D        | Reached XP level 3. HP: 39/39 MP: 2/2
   118 | D        | Reached XP level 4. HP: 47/47 MP: 3/3
   157 | D        | Noticed Sigmund
   175 | D        | Killed Sigmund
   175 | D        | Reached ** piety under Trog
   176 | D        | Reached XP level 5. HP: 21/56 MP: 4/4
   371 | D        | Found a shimmering blue altar of Sif Muna.
   372 | D        | Found an ornate altar of the Wu Jian Council.
   373 | D        | Found a radiant altar of Vehumet.
   377 | D        | Reached XP level 6. HP: 57/62 MP: 5/5
   429 | D        | Found Teygaod's Armour Emporium.
   429 | D        | Found an ancient bone altar of Kikubaaqudgha.
   429 | D        | Found a hazy altar of Hepliaklqana.
   429 | D        | Found a hide-covered altar of Uskayaw.
   429 | D        | Found a basalt altar of Yredelemnul.
   429 | D        | Found an opulent altar of Gozag.
   429 | D        | Found a snail-covered altar of Cheibriados.
   429 | D        | Found a sacrificial altar of Ru.
   429 | D        | Found a shadowy altar of Dithmenos.
   429 | D        | Noticed a yak
   432 | D        | Found a stormy altar of Qazlal.
   432 | D        | Found a blossoming altar of Fedhas.
   432 | D        | Found a bloodstained altar of Trog.
   432 | D        | Found an iron altar of Okawaru.
   432 | D        | Found a glowing golden altar of the Shining One.
   432 | D        | Found a glowing silver altar of Zin.
   432 | D        | Found a white marble altar of Elyvilon.
   438 | D        | Killed a yak
   726 | D        | Found a sparkling altar of Nemelex Xobeh.
   743 | D        | Found a burning altar of Makhleb.
   743 | D        | Found a viscous altar of Jiyva.
   743 | D        | Found a shimmering altar of Xom.
   743 | D        | Found a corrupted altar of Lugonu.
   743 | D        | Noticed a slime creature
   757 | D        | Slain by a slime creature

Illustrated notes

Levels and vault maps discovered:
D:        dungeon_sprint_1 [red_sonja_temple_1, red_sonja_temple_small_1]

Skill      XL: |  1  2  3  4  5  6 |
---------------+-------------------+-----
Fighting       | 5 7 8 9 |  9.7
Axes           | 5 7 8 9 |  9.8
Armour         | 3 5 7 8 |  8.5
Dodging        | 3 4 6 7 |  7.8

Action                   |  1- 3 |  4- 6 || total
-------------------------+-------+-------++-------
Melee: Hand axe          |     7 |    31 ||    38
       Headbutt          |     3 |     7 ||    10
Invok: Berserk           |     2 |     1 ||     3
Armor: Animal skin       |       |     2 ||     2
Dodge: Dodged            |     1 |    12 ||    13

Table legend: (Time is in decaauts)
 A = Elapsed time spent in this place.
 B = Non-inter-level travel time spent in this place.
 C = Inter-level travel time spent in this place.
 D = Time resting spent in this place.
 E = Time spent auto-exploring this place.
 F = Levels seen in this place.
 G = Mean time per level.
                   A        B        C        D        E       F      G
               +--------+--------+--------+--------+--------+-----+--------+
         Total |    780 |    780 |      0 |    645 |      0 |   1 |  780.0 |
       Dungeon |    780 |    780 |      0 |    645 |      0 |   1 |  780.0 |
               +--------+--------+--------+--------+--------+-----+--------+

Top non-repeatable levels by time:
       D: 780 daAuts
